 Dungeon Crawl Stone Soup version 0.31-a0-23-gcbde74481b (webtiles) character file.

Game seed: 5145339983416777837

89 pk666 the Magician (level 4, -4/24 HPs)
             Began as a Deep Elf Hedge Wizard on May 14, 2023.
             Slain by an orc
             ... wielding a +0 mace
              (5 damage)
             ... on level 4 of the Dungeon.
             The game lasted 00:06:04 (2891 turns).

pk666 the Magician (Deep Elf Hedge Wizard)          Turns: 2891, Time: 00:06:04

Health: -4/24      AC:  2    Str:  7    XL:     4   Next: 31%
Magic:  0/13       EV: 13    Int: 21    God:
Gold:   50         SH:  0    Dex: 20    Spells: 7/13 levels left

rFire   . . .        t - +0 dagger (venom)
rCold   . . .        (no shield)
rNeg    . . .        b - +0 robe
rPois   .            c - +0 hat
rElec   .            (no cloak)
rCorr   .            (no gloves)
SInv    .            (no boots)
Will    .....        i - amulet of guardian spirit
Stlth   ++           q - +6 ring of dexterity
HPRegen 0.24/turn    (no ring)
MPRegen 0.13/turn

%: guardian spirit
@: no status effects
A: no striking features
a: no special abilities


You were on level 4 of the Dungeon.
You visited 1 branch of the dungeon, and saw 4 of its levels.

You collected 145 gold pieces.
You spent 95 gold pieces at shops.

Inventory:

Hand Weapons
 t - a +0 dagger of venom (weapon)
Armour
 b - a +0 robe (worn)
 c - a +0 hat (worn)
Jewellery
 i - an amulet of guardian spirit (around neck)
 n - a ring of ice
 q - a +6 ring of dexterity (left hand)
Wands
 l - a wand of charming (6)
Scrolls
 e - 3 scrolls of teleportation {unknown}
 f - 8 scrolls of identify {unknown}
 g - a scroll of noise {unknown}
 h - 2 scrolls of butterflies {unknown}
 j - 2 scrolls of fog {unknown}
 o - a scroll of immolation {unknown}
 r - a scroll of enchant weapon {unknown}
Potions
 a - a potion of ambrosia {unknown}
 d - a potion of magic
 k - a potion of curing {unknown}
 m - a potion of cancellation {unknown}
 p - a potion of lignification {unknown}
 s - a potion of heal wounds {unknown}


   Skills:
 - Level 2.4 Dodging
 - Level 2.4 Stealth
 + Level 5.0 Spellcasting
 * Level 3.1 Conjurations
 - Level 1.1 Summonings
 - Level 1.8 Translocations
 + Level 0.8 Air Magic
 * Level 1.5 Poison Magic


You had 7 spell levels left.
You knew the following spells:

 Your Spells              Type           Power      Damage    Failure   Level
a - Magic Dart            Conj           72%        1d6       3%          1
b - Blink                 Tloc           26%        N/A       8%          2
c - Mephitic Cloud        Conj/Pois/Air  13%        N/A       16%         3

Your spell library contained the following spells:

 Spells                   Type           Power      Damage    Failure   Level
 Necrotise                Necr           20%        1d5       11%         1
 Slow                     Hex            20%        N/A       11%         1
 Call Imp                 Summ           18%        N/A       11%         2
 Cigotuvi's Dreadful Rot  Necr/Pois/Air  16%        N/A       12%         2
 Dazzling Flash           Conj/Hex       22%        N/A       17%         3
 Vampiric Draining        Necr           5%         2d6       32%         3
 Silence                  Hex/Air        3%         N/A       94%         5
 Agony                    Necr           5%         N/A       96%         5


Dungeon Overview and Level Annotations

Branches:
Dungeon (4/15)
 Temple: D:4-7

Altars:
Gozag
Makhleb
Okawaru
Uskayaw

Shops:
D:2 *   D:3 (:!


Message History

Confirm with . or Enter, or press ? or * to list all spells.
Aiming: Magic Dart (safe; 3% risk of failure)
Press: ? - help, Shift-Dir - straight line, f/p - orc
Aim: an orc, wielding a +0 mace and wearing a +0 chain mail (moderately wounded, 100% to hit)
The magic dart hits the orc but does no damage.
The orc is moderately wounded.
The orc barely misses you.
Casting: Magic Dart (safe; 3% risk of failure)
Confirm with . or Enter, or press ? or * to list all spells.
Aiming: Magic Dart (safe; 3% risk of failure)
Press: ? - help, Shift-Dir - straight line, f/p - orc
Aim: an orc, wielding a +0 mace and wearing a +0 chain mail (moderately wounded, 100% to hit)
The magic dart hits the orc but does no damage.
The orc is moderately wounded.
The orc hits you with a +0 mace!
Casting: Magic Dart (safe; 3% risk of failure)
Confirm with . or Enter, or press ? or * to list all spells.
Aiming: Magic Dart (safe; 3% risk of failure)
Press: ? - help, Shift-Dir - straight line, f/p - orc
Aim: an orc, wielding a +0 mace and wearing a +0 chain mail (moderately wounded, 100% to hit)
The magic dart hits the orc but does no damage.
The orc is moderately wounded.
The orc barely misses you.
Casting: Magic Dart (safe; 3% risk of failure)
Confirm with . or Enter, or press ? or * to list all spells.
You don't have enough magic to cast this spell.
Unknown command.
The orc attacks as you move away! The orc completely misses you.
The orc attacks as you move away! The orc hits you with a +0 mace.
Your magical contamination has completely faded away.
The orc attacks as you move away! The orc hits you but does no damage.
The orc attacks as you move away! The orc hits you with a +0 mace.
* * * LOW HITPOINT WARNING * * *
The orc attacks as you move away! The orc hits you with a +0 mace.
* * * LOW HITPOINT WARNING * * *
Casting: Magic Dart (safe; 3% risk of failure)
Confirm with . or Enter, or press ? or * to list all spells.
You don't have enough magic to cast this spell.
The orc attacks as you move away! The orc hits you with a +0 mace.
You die...

### ### #.# #.# #.# #####.# #<#
#...o.# #.# #o###.# #.# #@# #.#
#.# #.# #o# #.# #.###o#### #.#
#........# #.# #####.##.# #.#
#.##.#
#######.############.##.########
..............................>#
################............##.#


You could see an orc.

Vanquished Creatures
  A gnoll (D:3)
  2 adders
  3 orcs
  5 ball pythons
  A bat (D:1)
  An endoplasm (D:2)
  2 giant cockroaches
  12 goblins
  6 hobgoblins
  4 jackals (D:2)
  2 quokkas
  7 frilled lizards
  4 kobolds (D:3)
  5 rats
55 creatures vanquished.

Notes
Turn   | Place    | Note
-------+----------+-------------------------------------------
     0 | D:1      | pk666 the Deep Elf Hedge Wizard began the quest for the
                  | Orb.
     0 | D:1      | Reached XP level 1. HP: 10/10 MP: 7/7
   231 | D:1      | Reached XP level 2. HP: 15/15 MP: 5/9
   710 | D:2      | Found Wamu Lie's Assorted Antiques.
   779 | D:2      | Reached XP level 3. HP: 19/19 MP: 4/11
   782 | D:2      | Learned a level 2 spell: Blink
   786 | D:2      | Learned a level 3 spell: Mephitic Cloud
  1539 | D:2      | Bought a large tourmaline ring for 95 gold pieces
  1625 | D:3      | Found Qijuur's Distillery.
  1625 | D:3      | Found Hun New's Book Emporium.
  1697 | D:3      | Reached skill level 1 in Poison Magic
  1769 | D:3      | Found an opulent altar of Gozag.
  1772 | D:3      | Found a hide-covered altar of Uskayaw.
  1780 | D:3      | Found a burning altar of Makhleb.
  2007 | D:3      | Reached XP level 4. HP: 24/24 MP: 9/12
  2209 | D:3      | Reached skill level 5 in Spellcasting
  2496 | D:3      | Found Xiveqero's Antique Weapon Shop.
  2543 | D:3      | Found an iron altar of Okawaru.
  2889 | D:4      | HP: 1/24 [orc/+0 mace (5)]
  2891 | D:4      | Slain by an orc

Illustrated notes

Levels and vault maps discovered:
D:1:      dpeg_arrival_houses_and_road, layout_rooms
D:2:      layout_basic, serial_shops, shop
D:3:      layout_loops_ring, grunt_temple_overflow_diamond,
          okawaru_altar_gauntlet_db, serial_shops, shop, shop,
          nicolae_shop_back_alley_shop, minmay_goblin_outpost
D:4:      layout_basic, minmay_temple_entry_slanted

Skill      XL: |  1  2  3  4 |
---------------+-------------+-----
Conjurations   | 2 3 |  3.1
Poison Magic   | 1 |  1.5
Spellcasting   | 5 |  5.0
Dodging        | |  2.4
Stealth        | |  2.4
Summonings     | |  1.1
Translocations | |  1.8
Air Magic      | |  0.8

Action                     |  1- 3 |  4- 6 || total
---------------------------+-------+-------++-------
  Melee: Dagger            |    18 |       ||    18
   Cast: Magic Dart        |    78 |    31 ||   109
 Armour: Robe              |     7 |     1 ||     8
  Dodge: Dodged            |    19 |     7 ||    26

Table legend: (Time is in decaauts)
 A = Elapsed time spent in this place.
 B = Non-inter-level travel time spent in this place.
 C = Inter-level travel time spent in this place.
 D = Time resting spent in this place.
 E = Time spent auto-exploring this place.
 F = Levels seen in this place.
 G = Mean time per level.
                   A        B        C        D        E       F      G
               +--------+--------+--------+--------+--------+-----+--------+
         Total |   2889 |   2835 |     54 |    162 |   2345 |   4 |  722.2 |
       Dungeon |   2889 |   2835 |     54 |    162 |   2345 |   4 |  722.2 |
               +--------+--------+--------+--------+--------+-----+--------+

Top non-repeatable levels by time:
     D:3: 1212 daAuts
     D:2: 926 daAuts
     D:1: 622 daAuts
     D:4: 128 daAuts
